Unix NetHack Version 3.7.0-101 Work-in-progress - last build Mar 25 2024 11:18:41 (462964f8eaac915e699fc3a71b43428251fec12b,branch:master). Game began 2024-03-29 19:40:39, ended 2024-03-29 20:30:36. Gilette, neutral male gnomish Wizard --------- ------ |.......| ------------- |.._.| |...[...| |............# |+...| #........| |.........>.|###### ----------- |.....# #|.......| |...........| # |.........| |....|# #|.......| |...........| ##...........#########|....|#* #------.-- |...........| |....<....| #|....| @ # # --.---------- ------|---- #---.-- # # # # # ### # )# # # # # ########)###(## # # #[# ## ## # ## * *## -.---- ## # # ###*## ---.----- |....| ### -----------|-- ##--------# ####|.......| |.^...## --.--- |............|*# #|.......# *|.......| |....| ########## |....| |....**.[....|# *......*| #........| ------ ####|....| #.**....[.....|# |......| )|.....>.| #|.....#####|.............# |......| #........| #------ -------------- -------- --------- Gilette the Thaumaturge St:12 Dx:12 Co:16 In:19 Wi:11 Ch:8 Neutral Dlvl:3 $:173 HP:0(46) Pw:52(75) AC:9 Xp:7/752 T:4773 Hungry Blind Latest messages: The hill orc hits! You hit the hill orc! The hill orc hits! The hill orc wields a crude dagger! The hill orc hits! In what direction? 8 The spell hits the hill orc! You kill the hill orc! The hill orc throws a crude dagger! A crude dagger misses you. You see here a hill orc corpse. You hit the hill orc. The hill orc hits! The hill orc throws a crude dagger! The crude dagger hits the hill orc. In what direction? 8 The spell hits the hill orc! The spell hits the hill orc! You kill the hill orc! In what direction? 8 The spell hits the hill orc! You kill the hill orc! The hill orc zaps a marble wand! Boing! In what direction? 8 The spell hits the hill orc! You kill the hill orc! You have trouble lifting a hill orc corpse. Continue? [ynq] (q) q You hear a chugging sound. For some reason, the invisible hill orc's presence is known to you. You feel aggravated at the invisible hill orc. There is a hill orc corpse here; eat it? [ynq] (n) y Blecch! Rotten food! Everything suddenly goes dark. It hits! You only feel hungry now. You finish eating the hill orc corpse. You hit it. It hits! You kill it! M - a crude dagger. You try to feel what is lying here on the ground. There is a hill orc corpse here; eat it? [ynq] (n) y This hill orc corpse is fatty. It hits! You stop eating the hill orc corpse. In what direction? 2 The spell misses it. It hits! You die... Inventory: Coins ('$') $ - 173 gold pieces Weapons (')') A - 3 cursed -1 darts Y - a blessed +3 dagger G - an uncursed +3 elven dagger (weapon in right hand) L - a blessed +0 orcish dagger t - 3 uncursed +0 orcish daggers E - an uncursed corroded +0 orcish dagger M - a cursed +0 orcish dagger z - a cursed -2 orcish dagger a - a blessed +1 quarterstaff Armor ('[') y - a cursed -3 pair of levitation boots b - an uncursed +0 cloak of magic resistance (being worn) Comestibles ('%') N - an uncursed sprig of wolfsbane Scrolls ('?') V - an uncursed scroll of confuse monster i - an uncursed scroll of enchant weapon K - a cursed scroll of enchant weapon p - an uncursed scroll of food detection j - an uncursed scroll of identify m - a blessed scroll of light C - an uncursed scroll of light x - a cursed scroll of magic mapping Spellbooks ('+') D - an uncursed spellbook of slow monster Potions ('!') f - an uncursed potion of blindness g - an uncursed potion of enlightenment h - 2 uncursed potions of speed H - an uncursed potion of water Rings ('=') d - an uncursed ring of polymorph control (on left hand) e - an uncursed ring of regeneration Wands ('/') c - an uncursed wand of cancellation (0:5) Q - an uncursed wand of magic missile (0:3) Tools ('(') n - an uncursed magic marker (0:21) Gems/Stones ('*') X - an uncursed obsidian stone u - an uncursed worthless piece of blue glass F - an uncursed worthless piece of red glass R - an uncursed worthless piece of violet glass Gilette the Wizard's attributes: Background: You were a Thaumaturge, a level 7 male gnomish Wizard. You were neutral, on a mission for Thoth who was opposed by Ptah (lawful) and Anhur (chaotic). You were right-handed. You were in the Dungeons of Doom, on level 3. You entered the dungeon 4773 turns ago. You had 752 experience points, 528 more were needed to attain level 8. Basics: You had 0 out of 46 hit points. You had 52 out of 75 energy points (spell power). Your armor class was 9. Your wallet contained 173 zorkmids. Autopickup was on for '$?!"=/*' plus thrown, with exceptions. Final Characteristics: Your strength was 12 (limit:18/50). Your dexterity was 12 (limit:18). Your constitution was 16 (limit:18). Your intelligence was 19 (limit:19). Your wisdom was 11 (limit:18). Your charisma was 8 (limit:18). Final Status: You were temporarily blind. You were hungry. You were unencumbered. You were wielding a dagger. You had basic skill with dagger. Final Attributes: You were piously aligned. You were magic-protected. You had infravision. You were warded. You had polymorph control. You were lucky. You are dead. Miscellaneous: You never encountered a bones level. Total elapsed playing time was 49 minutes and 56 seconds. Major events: Turn 1: Gilette the neutral male gnomish Wizard entered the dungeon 356: attained the rank of Conjurer (level 3) 1688: attained the rank of Thaumaturge (level 6) 4773: killed by an invisible hill orc Vanquished creatures: a leprechaun a water nymph a rock piercer a pony 3 fog clouds a gnome leader 3 gray oozes 4 giant ants 4 floating eyes a kitten a dwarf a homunculus a kobold leader 9 hill orcs a rothe a monkey an orc zombie 2 werejackals 3 iguanas 4 acid blobs 2 hobbits a large kobold 2 yellow molds a green mold a red mold a gnome 10 garter snakes a gnome zombie 3 geckos 10 jackals 2 foxes 7 goblins 3 sewer rats 12 grid bugs 9 lichens 6 newts 115 creatures vanquished. No species were genocided or became extinct. Voluntary challenges: You read items or engraved 13 times. You engraved Elbereth 3 times. You never genocided any monsters. You never polymorphed an object. You never changed form. You used no wishes. Achievements: You attained the rank of Conjurer. You attained the rank of Thaumaturge. The Dungeons of Doom: levels 1 to 3 Level 1: Level 2: Level 3: <- You were here. An altar to Thoth. Final resting place for you, killed by an invisible hill orc. Game over: ---------- / \ / REST \ / IN \ / PEACE \ / \ | Gilette | | 173 Au | | killed by an | | invisible hill | | orc | | | | 2024 | *| * * * | * _________)/\\_//(\/(/\)/\//\/|_)_______ Goodbye Gilette the Wizard... You died in The Dungeons of Doom on dungeon level 3 with 2694 points, and 173 pieces of gold, after 4773 moves. You were level 7 with a maximum of 46 hit points when you died.